 Dungeon Crawl Stone Soup version 0.29-a0-355-g7276a9ff7f (webtiles) character file.

Game seed: 15755708242345441852

44 Morbidden the Skirmisher (level 3, -1/29 HPs)
             Began as a Demonspawn Fighter on Apr 25, 2022.
             Slain by a gnoll
             ... wielding a +0 flail
              (4 damage)
             ... on level 2 of the Dungeon.
             The game lasted 00:01:06 (1297 turns).

Morbidden the Skirmisher (Demonspawn Fighter)       Turns: 1297, Time: 00:01:06

Health: -1/29      AC: 11    Str: 18    XL:     3   Next: 39%
Magic:  3/3        EV:  5    Int:  9    God:
Gold:   139        SH:  4    Dex: 14    Spells: 3/3 levels left

rFire   . . .      SeeInvis .   a - +0 war axe
rCold   . . .      Faith    .   c - +0 buckler
rNeg    . . .      Spirit   .   i - +0 plate armour
rPois   .          Reflect  .   (no helmet)
rElec   .          Harm     .   (no cloak)
rCorr   .          Rampage  .   (no gloves)
Will    .....                   (no boots)
Stlth   ..........              (no amulet)
HPRegen 0.09/turn               (no ring)
MPRegen 0.08/turn               (no ring)

@: flying
A: thin skeletal structure 1
a: no special abilities


You were on level 2 of the Dungeon.
You visited 1 branch of the dungeon, and saw 2 of its levels.

You collected 139 gold pieces.

Inventory:

Hand Weapons
 a - a +0 war axe (weapon)
Armour
 c - a +0 buckler (worn)
 i - a +0 plate armour (worn)
Scrolls
 e - a scroll of identify {unknown}
 f - a scroll of amnesia {unknown}
 g - a scroll of immolation {unknown}
 h - a scroll of noise {unknown}
Potions
 d - a potion of might
 j - a potion of heal wounds {unknown}


   Skills:
 * Level 3.4 Fighting
 + Level 2.3 Axes
 + Level 2.9 Armour
 * Level 0.7 Dodging
 + Level 2.8 Shields
 * Level 0.6 Spellcasting


You had 3 spell levels left.
You didn't know any spells.
Your spell library was empty.

Dungeon Overview and Level Annotations

Branches:
Dungeon (2/15)

Altars:

Annotations:
D:2 Natasha


Innate Abilities, Weirdness & Mutations

You have a somewhat thin skeletal structure. (Dex +2, Stealth+)


Message History

A ball python comes into view.
A gnoll comes into view. It is wielding a +0 club.
A gnoll comes into view. It is wielding a +0 flail.
There are monsters nearby!
An endoplasm comes into view.
The endoplasm quivers.
The dart slug launches a dart at you. The slug dart hits you.
A dart slug comes into view.
Found an escape hatch in the ceiling.
The ball python hisses angrily.
Natasha mumbles some strange words.
Natasha shimmers violently.
The gnoll hits you with a +0 flail.
You see here a scroll labelled XIJEGI EJYU.
Unknown command.
The gnoll attacks as you move away! The gnoll hits you but does no damage.
The ball python attacks as you move away!
The ball python bites you but does no damage.
The ball python closely misses you. You block the ball python's attack.
You closely miss the ball python. You block the ball python's attack.
The ball python grabs you. The ball python constricts you.
You slash the ball python!
You kill the ball python!
The ball python bites you but does no damage.
You block the ball python's attack.
Natasha mumbles some strange words.
Natasha's front paws start to glow.
You slash the ball python!
You kill the ball python!
The gnoll hits you with a +0 flail!
You barely miss the gnoll. You block the gnoll's attack.
You closely miss the gnoll. The gnoll hits you with a +0 flail!
* * * LOW HITPOINT WARNING * * *
The gnoll barely misses you.
Unknown command.
It was a potion of flight.
You feel very buoyant.
You fly up into the air.
The gnoll hits you with a +0 flail.
You die...

.........#
#......#
..####.###
#......# # #.#
#......#
#.#####......#
#............#
............# ...
........##### ...
.........÷.# ....
##########@#
.....
......#g####.....
....?.hwg........
#####..J.......#
.....$..?.....#
####..........#
.⌠.⌠##.......#
..... #.......#
⌠._.⌠ ........#


You could see Natasha, 2 gnolls, a dart slug and an endoplasm.

Vanquished Creatures
  A worm (D:2)
  2 dart slugs (D:1)
  8 ball pythons
  5 endoplasms
  A giant cockroach (D:1)
  2 goblins (D:1)
  4 hobgoblins (D:1)
  A kobold (D:1)
  2 quokkas (D:1)
  2 bats (D:1)
  3 frilled lizards
  4 rats (D:1)
35 creatures vanquished.

Notes
Turn   | Place    | Note
-------+----------+-------------------------------------------
     0 | D:1      | Morbidden the Demonspawn Fighter began the quest for the
                  | Orb.
     0 | D:1      | Reached XP level 1. HP: 18/18 MP: 1/1
   146 | D:1      | Gained mutation: You have a somewhat thin skeletal
                  | structure. (Dex +2, Stealth+) [demonic ancestry]
   146 | D:1      | Reached XP level 2. HP: 24/24 MP: 2/2
   530 | D:1      | Reached XP level 3. HP: 19/29 MP: 3/3
  1284 | D:2      | Found a faded altar of an unknown god.
  1284 | D:2      | Noticed Natasha
  1297 | D:2      | Slain by a gnoll

Illustrated notes

Levels and vault maps discovered:
D:1:      psy_arrival_conway, layout_loops_ring, minmay_indecisive_spiral
D:2:      layout_basic, hellmonk_ecumenical_altar_run_dry, grunt_decor_junction,
          uniq_natasha

Skill      XL: |  1  2 |
---------------+-------+-----
Axes           | 2 |  2.3
Fighting       | |  3.4
Armour         | |  2.9
Dodging        | |  0.7
Shields        | |  2.8
Spellcasting   | |  0.6

Action                   || total
-------------------------++-------
Melee: War axe           ||    91
  Use: Potion            ||     1
Armor: Scale mail        ||    25
       Plate armour      ||    13
Dodge: Dodged            ||    39
Block: Buckler           ||    18

Table legend: (Time is in decaauts)
 A = Elapsed time spent in this place.
 B = Non-inter-level travel time spent in this place.
 C = Inter-level travel time spent in this place.
 D = Time resting spent in this place.
 E = Time spent auto-exploring this place.
 F = Levels seen in this place.
 G = Mean time per level.
                   A        B        C        D        E       F      G
               +--------+--------+--------+--------+--------+-----+--------+
         Total |   1340 |   1317 |     23 |    275 |    792 |   2 |  670.0 |
       Dungeon |   1340 |   1317 |     23 |    275 |    792 |   2 |  670.0 |
               +--------+--------+--------+--------+--------+-----+--------+

Top non-repeatable levels by time:
     D:1: 1008 daAuts
     D:2: 331 daAuts
